Map: 썬더버드 - 래더

Players

TSGSolar (Solar) - Winner!

  • Race: Zerg Zerg
  • League: Diamond
  • Spawn Location: 5:00

Cure

  • Race: Terran Terran
  • League: Master
  • Spawn Location: 11:00

Event: HomeStory Cup XX

VOD

Have the link to the VOD?

Description

Time

  • Played on: Nov. 21, 2019, 6:56 a.m.
  • Length: 18:22

All games in this series

Show
View Real Time Build Order
Export as new Build Order

TSGSolar Zerg - Winner!

Build Orders: Hatch First 

Get SALT Encoding   

  12  0:01  Drone  
  13  0:12  Overlord  
  13  0:16  Drone  
  14  0:30  Drone x2  
  16  0:47  Hatchery  
  15  0:51  Drone  
  15  0:54  Drone  
  17  0:57  Drone  
  18  1:09  Extractor  
  17  1:12  Spawning Pool  
  17  1:15  Drone  
  17  1:18  Drone  
  18  1:27  Drone  
  19  1:38  Drone  
  20  1:50  Overlord  
  20  1:59  Queen x2  
  20  2:00  Zergling x4  
  26  2:10  Drone x2  
  26  2:14  Metabolic Boost  
  28  2:28  Hatchery  
  27  2:30  Drone  
  27  2:33  Drone  
  27  2:36  Drone  
  30  2:43  Queen  
  32  2:48  Overlord  
  32  2:51  Drone  
  33  2:54  Drone  
  33  2:56  Drone  
  33  2:58  Drone  
  36  3:07  Drone  
  36  3:08  Drone x3  
  36  3:09  Drone  
  41  3:14  Queen  
  41  3:18  Overlord  
  43  3:23  Overlord  
  43  3:25  Drone  
  44  3:37  Overlord  
  44  3:38  Drone x2  
  44  3:40  Drone x3  
  49  3:41  Queen  
  49  3:45  Drone  
  52  3:50  Drone  
  52  3:55  Queen  
  55  3:56  Drone x3  
  55  3:57  Drone x2  
  55  4:01  Drone x2  
  55  4:02  Drone  
  63  4:11  Lair  
  63  4:12  Drone  
  63  4:13  Drone x2  
  63  4:15  Extractor  
  63  4:16  Extractor  
  64  4:22  Drone, Baneling Nest  
  64  4:23  Drone x2  
  66  4:24  Overlord  
  66  4:28  Overlord  
  66  4:34  Overlord  
  66  4:40  Extractor  
  66  4:42  Drone x2, Evolution Chamber  
  66  4:43  Drone x2  
  66  4:44  Drone, Evolution Chamber  
  66  4:45  Drone  
  69  4:51  Drone x3  
  72  4:53  Drone  
  72  4:55  Drone  
  72  4:56  Drone  
  72  4:58  Drone  
  76  5:00  Zergling x4  
  76  5:02  Zergling x6  
  76  5:05  Overlord  
  82  5:07  Zergling x2  
  82  5:08  Centrifical Hooks  
  82  5:10  Zergling x2  
  83  5:17  Zergling x2  
  83  5:20  Zergling x2  
  83  5:21  Zergling x6, Baneling  
  88  5:22  Baneling x8  
  88  5:23  Overlord  
  88  5:27  Zergling x2  
  88  5:28  Zergling x6  
  92  5:30  Zergling x2  
  92  5:31  Zergling x2  
  92  5:34  Zerg Ground Armor Level 1  
  94  5:36  Zergling x6  
  94  5:39  Zerg Melee Weapons Level 1  
  96  5:43  Zergling x6  
  98  5:53  Zergling x6  
  98  5:56  Hatchery  
  100  5:57  Drone  
  100  5:59  Zergling x4  
  100  6:01  Baneling x2  
  100  6:02  Drone  
  100  6:03  Drone x2  
  103  6:10  Drone  
  103  6:12  Zergling x6  
  103  6:15  Baneling x3  
  106  6:20  Overlord x2  
  106  6:22  Overlord  
  106  6:23  Hatchery  
  105  6:31  Drone  
  106  6:36  Overseer, Pneumatized Carapace  
  106  6:37  Overlord  
  106  6:38  Zergling x14  
  113  6:45  Drone x4  
  113  6:46  Drone  
  118  6:48  Baneling x2  
  118  6:49  Drone  
  118  6:53  Baneling x2  
  119  6:58  Zergling x4  
  116  7:05  Zergling x12  
  109  7:10  Zergling x6  
  109  7:11  Queen, Drone  
  114  7:18  Baneling x4  
  114  7:20  Drone x3  
  114  7:22  Drone  
  118  7:29  Zerg Ground Armor Level 2, Infestation Pit, Drone  
  118  7:31  Drone x2  
  118  7:32  Hatchery  
  118  7:33  Zerg Melee Weapons Level 2, Drone  
  118  7:36  Overlord  
  120  7:40  Drone x2  
  120  7:41  Drone  
  120  7:42  Baneling x4  
  123  7:45  Zergling x8  
  123  7:47  Spore Crawler, Drone  
  123  7:49  Extractor, Overlord  
  126  7:55  Zergling x12  
  126  7:56  Overlord  
  125  7:59  Zergling x6  
  124  8:06  Zergling x8  
  124  8:08  Hive  
  124  8:12  Zergling x2  
  125  8:13  Zergling x2  
  125  8:14  Zergling x8  
  125  8:17  Zergling x2  
  125  8:19  Zergling x8  
  131  8:24  Drone x3  
  131  8:25  Drone x3  
  137  8:27  Overlord x2  
  137  8:29  Zergling x6  
  140  8:38  Extractor  
  139  8:48  Drone x2  
  141  8:49  Baneling x4  
  141  8:50  Baneling x8  
  141  8:52  Drone, Overlord  
  141  8:53  Zergling x30  
  153  9:03  Zergling x14  
  153  9:08  Zergling x6  
  162  9:15  Zergling x8  
  164  9:20  Zergling x2  
  164  9:21  Zergling x8  
  169  9:25  Adrenal Glands, Ultralisk Cavern  
  169  9:27  Spire  
  169  9:30  Viper  
  169  9:31  Viper  
  170  9:34  Drone  
  170  9:35  Drone  
  170  9:36  Spore Crawler  
  174  9:44  Drone  
  175  9:49  Drone x3  
  175  9:50  Drone  
  175  9:52  Ultralisk Cavern  
  165  9:59  Spore Crawler  
  163  10:01  Zergling x4  
  163  10:02  Zergling x46  
  163  10:04  Overseer  
  164  10:16  Drone x3  
  164  10:17  Zerg Ground Armor Level 3  
  164  10:18  Zerg Melee Weapons Level 3, Drone x2  
  164  10:19  Overlord  
  167  10:23  Baneling  
  167  10:24  Baneling x10  
  167  10:29  Drone x2  
  165  10:40  Zerg Flyer Weapons Level 1  
  165  10:42  Drone x2, Chitinous Plating  
  167  10:44  Extractor  
  167  10:45  Zergling x24  
  167  10:49  Zergling x4  
  177  10:50  Zergling x14  
  177  10:51  Zergling x2  
  177  10:52  Hatchery  
  182  11:03  Ultralisk x2  
  183  11:09  Drone  
  174  11:11  Zergling x28  
  174  11:16  Zergling x6, Ultralisk  
  174  11:18  Queen x4  
  175  11:27  Zergling x18  
  175  11:30  Drone  
  176  11:35  Zergling x2  
  176  11:36  Zergling x6  
  179  11:40  Hatchery, Corruptor x3  
  179  11:44  Baneling x10  
  179  11:45  Overlord  
  182  11:49  Corruptor  
  182  11:51  Zergling x2  
  182  11:52  Zergling x8  
  188  12:00  Zergling x8  
  183  12:06  Corruptor x3  
  183  12:08  Zergling x2  
  176  12:12  Corruptor  
  176  12:13  Zergling x2  
  176  12:14  Zergling x4  
  161  12:21  Zergling x6  
  158  12:25  Anabolic Synthesis  
  158  12:26  Baneling x7  
  158  12:27  Zergling x10  
  163  12:31  Zergling x2  
  163  12:34  Zergling x4  
  163  12:36  Zergling x2  
  167  12:40  Zergling x4  
  167  12:43  Zergling x14, Ultralisk  
  179  12:49  Zergling x6  
  179  12:50  Baneling x9  
  180  12:53  Zergling x6  
  180  12:58  Zergling x4  
  175  13:00  Zergling x4  
  175  13:01  Baneling x9  
  175  13:02  Zergling x2  
  175  13:05  Zergling x8  
  175  13:12  Zergling x4  
  163  13:16  Zergling x18  
  161  13:21  Zergling x8, Ultralisk  
  152  13:27  Zergling x6, Ultralisk  
  152  13:28  Zergling x2  
  152  13:29  Overseer x2  
  152  13:31  Zergling x4  
  162  13:35  Zergling x4  
  162  13:40  Zergling x6  
  167  13:44  Zergling x6  
  167  13:45  Baneling x9  
  167  13:46  Baneling x4, Overlord  
  170  13:50  Drone  
  170  13:51  Zergling x4  
  170  13:54  Zergling x2  
  170  13:55  Zergling x4  
  168  13:57  Ultralisk  
  168  14:02  Corruptor  
  164  14:05  Hatchery, Zergling x8  
  164  14:07  Zergling x8  
  170  14:10  Corruptor  
  170  14:11  Zergling x2  
  170  14:12  Zergling x10  
  170  14:14  Baneling x3  
  170  14:16  Zergling x4  
  173  14:24  Zergling x10, Ultralisk  
  174  14:26  Zergling x10  
  175  14:32  Zergling x12  
  177  14:42  Zergling x14  
  161  14:54  Ultralisk  
  161  14:55  Zergling x8  
  168  15:05  Zergling x10  
  166  15:13  Zergling x10  
  140  15:22  Zergling x8  
  140  15:25  Drone x8  
  151  15:28  Drone  
  151  15:31  Drone x2  
  151  15:32  Baneling  
  151  15:33  Baneling x21  
  151  15:34  Corruptor x2  
  160  15:40  Zergling x4  
  160  15:43  Zergling x4, Greater Spire  
  160  15:46  Zergling x6  
  160  15:49  Zergling x2  
  160  15:51  Zergling x4  
  160  15:55  Zergling x4  
  157  15:58  Zergling x4  
  157  15:59  Zergling x2  
  157  16:03  Zergling x6  
  153  16:07  Zergling x12  
  153  16:08  Queen  
  153  16:10  Zergling x4, Overlord  
  153  16:11  Zergling x2  
  164  16:12  Baneling x7  
  164  16:17  Zergling x6  
  164  16:21  Zergling x6, Ultralisk  
  165  16:27  Drone x3  
  165  16:29  Overseer  
  165  16:32  Zergling x14  
  163  16:33  Baneling x2  
  163  16:35  Zergling x4  
  164  16:40  Zergling x10  
  164  16:45  Zergling x2  
  164  16:46  Zergling x6  
  153  16:49  Ultralisk  
  153  16:50  Zergling x12, Ultralisk  
  163  16:55  Zergling x2, Ultralisk  
  163  16:56  Zergling x2  
  163  16:57  Zergling x2  
  166  17:03  Zergling x12  
  164  17:09  Baneling x5  
  164  17:15  Zergling x18  
  172  17:18  Zergling x2  
  172  17:21  Zergling x8  
  164  17:25  Zergling x6  
  164  17:29  Ultralisk  
  163  17:30  Baneling  
  163  17:31  Baneling x5  
  163  17:35  Zergling x8  
  163  17:36  Baneling x3  
  166  17:38  Zergling x6  
  166  17:42  Ultralisk  
  165  17:46  Zergling x8  
  165  17:49  Overseer, Zergling x6  
  168  17:51  Overseer  
  168  17:52  Zergling x2  
  168  17:53  Zergling x4  
  168  17:55  Overlord  
  168  17:58  Zergling x6  
  173  18:02  Zergling x2  
  173  18:03  Zergling x4  
Show
View Real Time Build Order
Export as new Build Order

Cure Terran 

Build Orders: Reaper Expand 

Get SALT Encoding   

  12  0:00  SCV  
  13  0:12  SCV  
  14  0:17  Supply Depot  
  14  0:24  SCV  
  15  0:39  SCV  
  15  0:40  Barracks  
  15  0:42  Refinery  
  16  0:51  SCV  
  17  1:03  SCV  
  18  1:15  SCV  
  19  1:26  Reaper  
  19  1:27  Orbital Command  
  20  1:37  Command Center  
  20  1:46  Supply Depot  
  20  1:53  SCV  
  21  1:58  Marine  
  22  2:05  SCV  
  23  2:10  Factory  
  23  2:17  SCV  
  23  2:19  Barracks Reactor  
  24  2:29  SCV  
  25  2:36  Command Center  
  25  2:41  SCV  
  26  2:49  Orbital Command  
  26  2:53  SCV  
  26  2:57  Barracks  
  27  3:05  Marine, SCV  
  29  3:10  Hellion x2  
  33  3:16  SCV  
  33  3:17  SCV  
  35  3:21  Refinery  
  35  3:24  Barracks Tech Lab  
  35  3:28  SCV  
  35  3:29  SCV  
  37  3:36  Refinery  
  37  3:40  SCV  
  38  3:41  SCV  
  38  3:42  Marine  
  38  3:43  Stimpack  
  40  3:48  Orbital Command  
  40  3:49  Starport  
  40  3:52  SCV  
  40  3:54  SCV  
  40  3:55  Marine x2, Factory Reactor  
  44  4:03  Marine  
  44  4:04  SCV  
  44  4:06  SCV  
  44  4:07  Supply Depot  
  44  4:08  Orbital Command  
  47  4:10  Refinery  
  47  4:15  Marine x2  
  47  4:16  SCV  
  50  4:19  SCV  
  50  4:21  Marine  
  52  4:28  SCV  
  52  4:30  Supply Depot  
  52  4:31  SCV  
  54  4:33  Medivac  
  54  4:34  Medivac  
  54  4:35  SCV  
  59  4:39  Marine x2  
  59  4:40  Marine, SCV  
  59  4:43  SCV  
  59  4:44  Supply Depot  
  64  4:47  SCV  
  64  4:49  Engineering Bay  
  64  4:50  Factory Reactor, Engineering Bay  
  65  4:53  SCV  
  65  4:55  SCV  
  65  4:57  Marine x2  
  65  4:58  Marine  
  70  5:00  Supply Depot  
  70  5:02  SCV  
  70  5:05  SCV  
  72  5:07  Supply Depot, SCV  
  73  5:15  Marine x2  
  73  5:16  Marine, Terran Infantry Weapons Level 1, Terran Infantry Armor Level 1  
  73  5:19  SCV  
  73  5:20  SCV  
  78  5:21  SCV  
  78  5:25  Supply Depot  
  78  5:26  Combat Shield  
  79  5:32  Marine  
  79  5:34  Marine x2  
  82  5:38  Medivac x2  
  82  5:42  Widow Mine x2  
  90  5:46  SCV  
  90  5:47  SCV x2  
  93  5:50  Marine  
  93  5:52  Marine x2  
  96  5:58  Factory  
  96  6:01  Armory  
  96  6:06  SCV x3  
  96  6:08  Marine  
  98  6:11  Supply Depot x2  
  98  6:12  Marine x2  
  101  6:18  SCV x3  
  103  6:26  Refinery, Marine  
  103  6:30  SCV x3  
  107  6:32  Marine  
  107  6:33  Marine  
  107  6:34  Barracks  
  107  6:36  Barracks x2  
  109  6:42  SCV x2  
  109  6:43  Factory Tech Lab, SCV  
  109  6:46  Widow Mine x2, Medivac x2  
  120  6:54  SCV  
  120  6:55  SCV x2  
  120  6:57  Marine x2  
  120  6:58  Marine  
  119  7:07  SCV x3  
  117  7:12  Drilling Claws  
  117  7:13  Widow Mine x2  
  117  7:14  Terran Infantry Weapons Level 2, Widow Mine, Terran Infantry Armor Level 2  
  117  7:15  Marine x3, Terran Vehicle And Ship Armor Level 1  
  121  7:18  Refinery  
  121  7:21  Supply Depot x2, Barracks Reactor  
  121  7:22  Barracks Reactor  
  124  7:23  Barracks Reactor  
  124  7:33  Marine  
  124  7:36  Command Center  
  125  7:42  Marine x2, Medivac  
  125  7:43  Widow Mine x3, Medivac  
  137  7:45  Supply Depot  
  137  7:50  Supply Depot x2  
  137  7:51  Marine  
  138  8:00  Marine x3  
  138  8:02  Marine x2  
  138  8:05  Marine x2  
  140  8:09  Marine x2  
  140  8:12  Supply Depot  
  139  8:14  Supply Depot x2  
  139  8:18  Marine x2  
  132  8:22  Marine x3  
  132  8:23  Marine x2  
  128  8:27  Marine  
  128  8:28  Widow Mine x3, Medivac x2  
  128  8:32  Marine  
  140  8:34  Barracks x2  
  140  8:35  Marine, Barracks  
  140  8:39  SCV  
  140  8:40  SCV x2  
  143  8:50  Widow Mine x3  
  149  8:56  SCV  
  149  8:57  SCV x2  
  149  9:01  Marine x4  
  149  9:02  Marauder, Sensor Tower  
  153  9:11  Widow Mine x3, Medivac x2  
  153  9:13  Terran Vehicle And Ship Armor Level 2  
  153  9:16  SCV  
  153  9:17  SCV x2  
  159  9:21  Planetary Fortress  
  156  9:29  Marauder, Barracks Tech Lab x3  
  158  9:32  Widow Mine x2  
  158  9:33  Widow Mine  
  158  9:34  Marine x3, Sensor Tower  
  167  9:45  Terran Infantry Weapons Level 3  
  167  9:48  Terran Infantry Armor Level 3  
  167  9:51  Marauder  
  168  9:53  Marine x4, Marauder x2  
  168  9:54  Widow Mine x3  
  168  9:56  Marine x3  
  168  9:57  Marauder  
  185  10:08  Marine  
  185  10:11  Marine x3  
  185  10:12  Marauder  
  179  10:15  Marauder x2, Widow Mine x3  
  179  10:17  Marine x2, Medivac x2  
  179  10:18  Marine x2, Marauder  
  195  10:26  Marine, Command Center  
  193  10:28  Marine  
  193  10:33  Marauder  
  190  10:36  Widow Mine  
  190  10:37  Widow Mine x2, Marine x4, Marauder  
  190  10:41  Concussive Shells  
  196  10:51  Command Center  
  196  10:53  Marine x2, Marauder  
  200  11:00  Marauder  
  200  11:02  Widow Mine x2  
  200  11:03  Widow Mine  
  197  11:07  Marine x3  
  197  11:08  Marauder  
  200  11:17  Medivac  
  200  11:18  Medivac  
  181  11:19  Marine x2  
  181  11:20  Marine x3, Marauder x2  
  181  11:21  Marauder  
  181  11:24  Widow Mine x3  
  181  11:25  Marine  
  198  11:26  Marine  
  197  11:36  Starport, Ghost Academy  
  197  11:37  Refinery, Fusion Core  
  197  11:38  Refinery  
  196  11:40  Marine x2, Command Center  
  196  11:41  Marauder, Command Center  
  193  12:06  Widow Mine x3, Marine  
  193  12:07  Marine x4, Marauder x3  
  199  12:14  Marine  
  199  12:15  Marine x2, Marauder  
  185  12:18  Medivac x2  
  185  12:19  Starport Reactor  
  185  12:22  SCV x4  
  193  12:24  Marine x3  
  193  12:27  Widow Mine  
  193  12:28  Widow Mine x2, Terran Vehicle And Ship Armor Level 3  
  198  12:33  Advanced Ballistics  
  198  12:34  Personal Cloaking  
  198  12:40  Marine x3, Marauder  
  198  12:42  Liberator x2  
  198  12:43  Liberator  
  193  12:44  Marine x3  
  193  12:45  Marauder x2, Planetary Fortress  
  171  13:05  Widow Mine x3, Marine x3, Marauder  
  192  13:06  Marauder x2  
  160  13:13  Marine x4  
  160  13:14  Marauder  
  127  13:27  Widow Mine x3, Medivac  
  127  13:28  Marine x2, Marauder  
  127  13:31  Marine x8  
  137  13:35  Marine  
  137  13:36  Orbital Command x2  
  138  13:42  Medivac  
  138  13:46  Marine x2  
  146  13:48  Widow Mine x3  
  146  13:54  Marine x4  
  146  13:55  Marauder x2  
  155  14:00  Enhanced Shockwaves  
  148  14:06  Marine x2  
  148  14:07  Marine x2, Marauder x2  
  158  14:10  Widow Mine x3, Medivac x3  
  158  14:12  Medivac  
  165  14:23  Marine x4  
  165  14:24  Marauder x2, Marine x2  
  161  14:26  Marine x2  
  161  14:28  Marauder x2  
  146  14:31  Widow Mine  
  146  14:36  Widow Mine x2  
  142  14:41  Marine x2  
  142  14:44  Medivac x2  
  142  14:45  Marine x3, Marauder  
  139  14:46  Marauder, Marine  
  139  14:47  Marine  
  139  14:51  Missile Turret x2  
  139  14:52  Marine x2  
  141  14:53  Marine  
  142  15:01  Orbital Command  
  142  15:03  Marine x4  
  142  15:05  Orbital Command  
  142  15:06  Marauder  
  137  15:07  Marauder  
  137  15:08  Medivac  
  129  15:16  Medivac  
  129  15:17  Marine x2  
  129  15:18  Nuke  
  115  15:23  Marine, Marauder  
  118  15:31  Medivac  
  118  15:33  Widow Mine  
  122  15:40  Orbital Command  
  122  15:41  Marine x3  
  122  15:47  Widow Mine x2, Medivac  
  118  16:03  Marine x6, Marauder x3  
  118  16:04  Marine, Marauder  
  118  16:09  Widow Mine  
  118  16:10  Widow Mine x2, Medivac  
  127  16:13  Medivac  
  127  16:18  Medivac x2  
  131  16:24  Marauder  
  131  16:25  Marine x7, Marauder x2  
  132  16:26  Marauder  
  132  16:33  Widow Mine x3  
  132  16:35  Marine  
  133  16:40  Medivac  
  133  16:43  Marine, Medivac  
  133  16:44  Marine x4  
  133  16:46  Marauder x3  
  119  16:47  Marauder, Marine x2  
  119  16:48  Medivac  
  119  16:52  Marine  
  114  17:00  Marine, Medivac  
  114  17:01  Orbital Command  
  109  17:02  Marine x4  
  109  17:05  Marine x2  
  109  17:07  Marauder  
  109  17:08  Marauder x2  
  121  17:09  Marauder  
  121  17:10  Marine, Medivac  
  121  17:14  Widow Mine  
  128  17:18  Marine  
  128  17:20  Marine x2  
  127  17:28  Marine x3  
  127  17:29  Marauder x3  
  129  17:30  Marauder, Widow Mine  
  129  17:33  Widow Mine  
  129  17:35  Medivac  
  129  17:36  Orbital Command  
  135  17:37  Marine  
  119  17:47  Widow Mine, Medivac  
  119  17:48  Marine x2  
  119  17:50  Marauder  
  128  17:51  Widow Mine  
  128  17:54  Widow Mine  
  128  17:58  Marine x4, Marauder x2  
Tags
 
Add a new tag
Caveats
  • Supply blocks, unpowered buildings, or Contaminate may cause inaccurate times.
  • Supply counts are checked every 10 seconds.